 Dungeon Crawl Stone Soup version 0.26-a0-639-g72c4674329 (webtiles) character file.

Game seed: 1423786405324119276

19064 Flugslaktarn the Cleaver (level 12, -4/118 HPs)
             Began as a Deep Dwarf Fighter on Sept 24, 2020.
             Was an Elder of Makhleb.
             Slain by a titanic slime creature (78 damage)
             ... on level 12 of the Dungeon.
             The game lasted 00:06:34 (8206 turns).

Flugslaktarn the Cleaver (Deep Dwarf Fighter)       Turns: 8206, Time: 00:06:35

Health: -4/118     AC: 21    Str: 26    XL:     12   Next: 33%
Magic:  4/4        EV:  6    Int: 11    God:    Makhleb [****..]
Gold:   747        SH: 13    Dex: 12    Spells: 11/11 levels left

rFire    . . .     SeeInvis .   a - +0 war axe
rCold    . . .     Faith    .   c - +1 kite shield
rNeg     . . .     Spirit   .   B - +0 plate armour
rPois    .         Reflect  .   A - +1 helmet {Int+3}
rElec    .         Harm     .   v - +0 cloak
rCorr    .         Rampage  .   y - +2 pair of gloves
MR       +....                  (no boots)
Stlth    ..........             (no amulet)
HPRegen  0.00/turn              (no ring)
MPRegen  0.09/turn              (no ring)

@: non-regenerating
A: damage resistance, heal wounds, sense surroundings 2, no regeneration
a: Heal Wounds, Minor Destruction, Lesser Servant of Makhleb, Major Destruction,
Renounce Religion


You were on level 12 of the Dungeon.
You worshipped Makhleb.
Makhleb was greatly pleased with you.
You visited 2 branches of the dungeon, and saw 13 of its levels.

You collected 747 gold pieces.

Inventory:

Hand Weapons
 a - a +0 war axe (weapon)
Missiles
 m - 2 throwing nets (quivered)
Armour
 c - a +1 kite shield (worn)
 v - a +0 cloak (worn)
   (You found it on level 8 of the Dungeon)
 y - a +2 pair of gloves (worn)
   (You found it on level 3 of the Dungeon)
 A - a +1 helmet of intelligence (worn)
   (You found it on level 3 of the Dungeon)
 B - a +0 plate armour (worn)
   (You found it on level 8 of the Dungeon)
Jewellery
 j - an uncursed ring of flight
   (You took it off a kobold on level 10 of the Dungeon)
Wands
 h - a wand of paralysis (13)
   (You found it on level 4 of the Dungeon)
 u - a wand of acid (19)
   (You found it on level 6 of the Dungeon)
Scrolls
 f - a scroll of vulnerability {unknown}
 i - a scroll of noise {unknown}
 n - a scroll of enchant weapon {unknown}
 r - 6 scrolls of identify
 s - 3 scrolls of enchant armour
 t - 2 scrolls of teleportation
 x - 3 scrolls of remove curse
 z - 4 scrolls of blinking
 C - a scroll of fog
Potions
 b - a potion of curing {unknown}
 d - 3 potions of might
 e - a potion of resistance {unknown}
 g - 2 potions of flight
 k - 2 potions of stabbing {unknown}
 l - 3 potions of lignification
 o - a potion of invisibility
 p - a potion of mutation {unknown}
 q - a potion of cancellation
 w - a potion of heal wounds


   Skills:
 * Level 10.8 Fighting
 * Level 12.4 Axes
 + Level 9.5 Armour
 + Level 9.5 Shields
 + Level 7.3 Invocations


You had 11 spell levels left.
You didn't know any spells.
Your spell library was empty.

Dungeon Overview and Level Annotations

Branches:
Dungeon (12/15)            Temple (1/1) D:4            Lair (0/6) D:10
    Orc: D:9-12

Altars:
Ashenzari
Cheibriados
Dithmenos
Elyvilon
Fedhas
Gozag
Hepliaklqana
Kikubaaqudgha
Makhleb
Nemelex Xobeh
Okawaru
Qazlal
Ru
Sif Muna
Trog
Uskayaw
Vehumet
Wu Jian
Xom
Yredelemnul
Zin
The Shining One

Shops:
D:5 =!=[   D:10 [

Annotations:
D:4 1 exclusion


Innate Abilities, Weirdness & Mutations

You are resistant to damage.
You can heal yourself by infusing magical energy.
You passively map the area around you.
You do not regenerate.


Message History

You hit the hound. The hound bites you but does no damage.
A titanic slime creature splits.
You block the yak's attack.
Two slime creatures merge to form a titanic slime creature.
You block the hound's attack.
You slice the hound!!
You kill the hound!
Makhleb accepts your kill.
You hit the yak. You block the yak's attack.
You hit the yak.
You kill the yak!
Makhleb accepts your kill.
You feel better.
You block the titanic slime creature's attack.
You barely miss the titanic slime creature.
The titanic slime creature is lightly wounded.
You slash the titanic slime creature!
The titanic slime creature is lightly wounded.
The titanic slime creature hits you!!!!
Ouch! That really hurt!
You die...

#........ #############
#........ ##...........#
#........
##............#####........
#...............[.#........
#...........[..##..........
#..............###.########
#..............###.## #
#.........@J.....#..#######
##.............#....##.....
##....>.....#.............
#######....#.#...........
#.##.....##........
#############.###..........†...
#.........................([...
#.####.#.................(...<.
#.# #+##.....^.........#......


You could see a titanic slime creature.

Vanquished Creatures
  Josephine (D:11)
  Erolcha (D:9)
  Harold (D:7)
  3 death yaks (D:10)
  3 unseen horrors
  Pikel (D:7)
  A cyclops (D:12)
  2 ugly things (D:11)
  Maurice (D:8)
  4 kobold demonologists (D:12)
  A hornet (D:10)
  2 trolls
  5 slime creatures
  Prince Ribbit (D:9)
  2 hippogriffs
  4 wraiths (D:11)
  6 yaks
  A water elemental (D:12)
  A wyvern (D:10)
  A steam dragon (D:7)
  2 acid dragons (D:12)
  2 water moccasins
  A hornet zombie (D:11)
  6 sky beasts
  3 orc warriors
  A black bear (D:11)
  2 phantoms
  An ice beast (D:11)
  2 ogres
  6 big kobolds
  11 centaurs
  A lemure (D:7)
  7 bullfrogs
  A gnoll sergeant (D:9)
  5 scorpions
  5 killer bees (D:11)
  A howler monkey (D:5)
  6 wights
  2 electric eels (D:12)
  2 bullfrog zombies
  A crimson imp (D:3)
  A centaur zombie (D:12)
  A quasit (D:9)
  7 hounds
  2 jellies
  6 orc priests
  A bullfrog skeleton (D:5)
  3 centaur skeletons
  7 orc wizards
  10 worker ants
  A hell rat (D:10)
  A killer bee zombie (D:8)
  A hound skeleton (D:11)
  10 gnolls
  4 river rats (D:10)
  18 adders
  2 shadow imps
  2 white imps
  2 oozes
  2 adder skeletons (D:4)
  An adder zombie (D:5)
  5 worms (D:3)
  5 leopard geckos
  37 orcs
  3 bats
  2 giant cockroaches
  11 goblins
  8 hobgoblins
  4 jackals (D:6)
  20 kobolds
  5 quokkas
  A ball python (D:4)
  3 frilled lizards
  A leopard gecko skeleton (D:5)
  A quokka skeleton (D:5)
  A quokka zombie (D:8)
  7 rats
306 creatures vanquished.

Notes
Turn   | Place    | Note
-------+----------+-------------------------------------------
     0 | D:1      | Flugslaktarn the Deep Dwarf Fighter began the quest for the
                  | Orb.
     0 | D:1      | Reached XP level 1. HP: 20/20 MP: 1/1
    83 | D:1      | Reached XP level 2. HP: 17/27 MP: 2/2
   206 | D:2      | Reached XP level 3. HP: 16/34 MP: 3/3
   209 | D:2      | Reached skill level 3 in Axes
   388 | D:4      | Reached XP level 4. HP: 39/42 MP: 2/2
   497 | D:4      | Reached XP level 5. HP: 16/50 MP: 3/3
   514 | D:4      | Reached skill level 4 in Axes
   576 | D:4      | Found a bloodstained altar of Trog.
   623 | D:4      | Reached XP level 6. HP: 36/57 MP: 4/4
   794 | D:4      | Found a staircase to the Ecumenical Temple.
   842 | Temple   | Entered the Ecumenical Temple
  1172 | D:4      | Reached skill level 5 in Axes
  1486 | D:5      | Entered Level 5 of the Dungeon
  1502 | D:5      | Reached XP level 7. HP: 46/66 MP: 4/4
  1545 | D:5      | Found Darchae's Antique Armour Shop.
  1566 | D:5      | Found an iron altar of Okawaru.
  1566 | D:5      | Found a shimmering blue altar of Sif Muna.
  1567 | D:5      | Found a glowing golden altar of the Shining One.
  1619 | D:5      | Reached skill level 5 in Fighting
  1626 | D:5      | Reached skill level 5 in Shields
  1634 | D:5      | Found Pynyj's Jewellery Shop.
  1661 | D:5      | Found Zaedd's Distillery.
  1667 | D:5      | Reached skill level 5 in Armour
  1831 | D:5      | Found Zocy's Jewellery Shop.
  1955 | D:5      | Reached skill level 6 in Axes
  2138 | D:6      | Reached XP level 8. HP: 50/75 MP: 4/4
  2772 | D:7      | Noticed Pikel
  2792 | D:7      | Killed Pikel
  2792 | D:7      | Reached skill level 7 in Axes
  3017 | D:7      | Noticed Harold
  3041 | D:7      | Paralysed by Harold for 7 turns
  3069 | D:7      | Killed Harold
  3069 | D:7      | Reached skill level 8 in Axes
  3069 | D:7      | Gained mutation: You passively map the area around you.
                  | [Deep Dwarf growth]
  3069 | D:7      | Reached XP level 9. HP: 37/86 MP: 3/3
  3205 | D:7      | Found a snail-covered altar of Cheibriados.
  3528 | D:8      | Reached skill level 9 in Axes
  4317 | D:3      | Found a faded altar of an unknown god.
  4518 | D:3      | Found a burning altar of Makhleb.
  4527 | D:3      | Became a worshipper of Makhleb the Destroyer
  4761 | D:8      | Reached XP level 10. HP: 55/96 MP: 4/4
  5001 | D:8      | Noticed Maurice
  5025 | D:8      | Killed Maurice
  5025 | D:8      | Reached skill level 1 in Invocations
  5522 | D:9      | Noticed Erolcha
  5542 | D:9      | Reached * piety under Makhleb
  5557 | D:9      | Killed Erolcha
  5557 | D:9      | Reached skill level 10 in Axes
  5945 | D:9      | Noticed Prince Ribbit
  5954 | D:9      | Killed Prince Ribbit
  6003 | D:10     | Entered Level 10 of the Dungeon
  6043 | D:10     | Found Fudotzoj's Armour Emporium.
  6097 | D:10     | Noticed a death yak
  6098 | D:10     | Found a staircase to the Lair.
  6104 | D:10     | Noticed a death yak
  6105 | D:10     | Noticed a death yak
  6121 | D:10     | Killed a death yak
  6270 | D:10     | Paralysed by a hornet for 1 turns
  6395 | D:10     | Reached ** piety under Makhleb
  6603 | D:10     | Killed an unseen horror
  6603 | D:10     | Reached XP level 11. HP: 87/106 MP: 5/5
  6611 | D:10     | Killed a death yak
  6615 | D:10     | Killed a death yak
  6792 | D:10     | Reached skill level 11 in Axes
  6856 | D:11     | Reached skill level 5 in Invocations
  7082 | D:11     | Killed an unseen horror
  7095 | D:11     | Noticed Josephine
  7116 | D:11     | Killed Josephine
  7150 | D:11     | Reached skill level 10 in Fighting
  7187 | D:11     | Found a glowing golden altar of the Shining One.
  7242 | D:11     | Noticed a red ugly thing
  7251 | D:11     | Killed a red ugly thing
  7269 | D:11     | Noticed a red ugly thing
  7288 | D:11     | Killed a red ugly thing
  7367 | D:11     | Reached *** piety under Makhleb
  7578 | D:12     | Noticed a sun demon
  7896 | D:12     | Reached XP level 12. HP: 81/117 MP: 5/5
  7916 | D:12     | Reached skill level 12 in Axes
  8062 | D:12     | Reached **** piety under Makhleb
  8168 | D:12     | HP: 5/118 [very large slime creature (38)]
  8168 | D:12     | HP: 1/118 [yak (4)]
  8206 | D:12     | Slain by a titanic slime creature

Illustrated notes

Levels and vault maps discovered:
D:1:      sevenhm_arrival_forest_fort_small_6, layout_basic, glass_columns_b,
          chequers_serial_rivers_micro_e, minmay_misc_feat_cross
D:2:      layout_basic
D:3:      kennysheep_six_static_rooms, layout_basic, makhleb_grotto_becter,
          chequers_ecumenical_altar_island
D:4:      layout_loops_corners, minmay_temple_entry_glassed_door,
          trog_hazing_becter
D:5:      layout_rooms, gammafunk_temple_overflow_claw, serial_shops,
          nicolae_shop_waterfront, shop, shop,
          nicolae_shop_temple_entry_statues_fountains, grunt_ministairs_5
D:6:      layout_loops_ring
D:7:      layout_basic, kennysheep_mini_moat, uniq_harold, uniq_pikel
D:8:      hangedman_cross_stitches, layout_basic, hex_tiny, uniq_maurice
D:9:      layout_loops_corners, uniq_prince_ribbit1, uniq_erolcha
D:10:     layout_loops_cross, dpeg_lair_monsters, serial_shops, shop
D:11:     layout_roguey, basic_altar, uniq_josephine
D:12:     layout_rooms, erik_orc_2, kennysheep_small_circle
Temple:   minmay_crystal_spiral_temple

Skill      XL: |  1  2  3  4  5  6  7  8  9 10 11 12 |
---------------+-------------------------------------+-----
Fighting       | 3 4 5 7 8 9 10 | 10.8
Axes           | 3 4 5 6 8 9 10 11 12 | 12.4
Armour         | 4 5 6 7 8 9 |  9.5
Shields        | 4 5 6 7 8 9 |  9.5
Invocations    | 4 6 7 |  7.3

Action                   |  1- 3 |  4- 6 |  7- 9 | 10-12 || total
-------------------------+-------+-------+-------+-------++-------
Melee: War axe           |    86 |   152 |   384 |   770 ||  1392
 Abil: Heal Wounds       |     2 |     5 |    14 |    20 ||    41
Evoke: Wand              |       |       |     4 |     2 ||     6
  Use: Scroll            |       |       |    12 |     7 ||    19
       Potion            |       |       |       |     3 ||     3
 Stab: Paralysed         |       |       |     3 |       ||     3
Armor: Scale mail        |    50 |    68 |    69 |       ||   187
       Chain mail        |       |       |   112 |       ||   112
       Plate armour      |       |       |       |   571 ||   571
Dodge: Dodged            |    30 |    65 |   121 |   173 ||   389
Block: Kite shield       |    50 |   100 |   242 |   551 ||   943

Table legend: (Time is in decaauts)
 A = Elapsed time spent in this place.
 B = Non-inter-level travel time spent in this place.
 C = Inter-level travel time spent in this place.
 D = Time resting spent in this place.
 E = Time spent auto-exploring this place.
 F = Levels seen in this place.
 G = Mean time per level.
                   A        B        C        D        E       F      G
               +--------+--------+--------+--------+--------+-----+--------+
         Total |   8449 |   7718 |    731 |    137 |   4997 |  13 |  649.9 |
       Dungeon |   8280 |   7633 |    647 |    137 |   4913 |  12 |  690.0 |
        Temple |    168 |     85 |     83 |      0 |     84 |   1 |  168.0 |
               +--------+--------+--------+--------+--------+-----+--------+

Top non-repeatable levels by time:
     D:4: 1161 daAuts
    D:11: 908 daAuts
    D:10: 884 daAuts
     D:9: 866 daAuts
     D:3: 865 daAuts
     D:7: 802 daAuts
     D:6: 758 daAuts
     D:8: 706 daAuts
     D:5: 609 daAuts
    D:12: 440 daAuts
  Temple: 168 daAuts
     D:1: 151 daAuts
     D:2: 127 daAuts
